 Dungeon Sprint DCSS version 0.21.1-1-g345015f (webtiles) character file.

0 Psiloshibe the Skirmisher (level 4, -4/44 HPs)
             Began as a Barachi Berserker on June 22, 2018.
             Was a Follower of Trog.
             Slain by Sigmund
             ... wielding a +0 scythe
              (10 damage)
             ... in the Dungeon (Sprint VI: "Thunderdome").
             The game lasted 00:01:47 (110 turns).

Psiloshibe the Skirmisher (Barachi Berserker)        Turns: 110, Time: 00:01:48

Health: -4/44      AC:  2    Str: 19    XL:     4   Next: 97%
Magic:  4/4        EV: 14    Int: 11    God:    Trog [*.....]
Gold:   20         SH:  0    Dex: 13    Spells: 3/3 levels left

rFire    x . .     SeeInvis .   a - +0 falchion
rCold    + + .     Gourm    +   (no shield)
rNeg     + + .     Faith    .   b - +0 animal skin
rPois    .         Spirit   .   (no helmet)
rElec    +         Reflect  .   (no cloak)
rCorr    .         Harm     .   (no gloves)
MR       ++...     NoTele   +   (no boots)
Stlth    +.........             p - amulet of the Good {Gourm +Fly rN+}
HPRegen  0.14/turn              o - ring "Fixer" {-Tele rElec rC+ MR++ Int+3}
MPRegen  0.09/turn              n - ring of Xasesekku {rF- rC+ rN+ Dex+2}

@: berserk cooldown, slowed, very slow
A: +LOS, swims, slowness 1, strong legs 1
a: Hop, Berserk, Burn Spellbooks, Renounce Religion, Evoke Flight


You were in the Dungeon.
You worshipped Trog.
Trog was aware of your devotion.
You were not hungry.

You visited 1 branch You collected 200 gold pieces.
You spent 180 gold pieces at shops.

Inventory:

Hand Weapons
 a - a +0 falchion (weapon)
Armour
 b - a +0 animal skin (worn)
Jewellery
 n - the ring of Xasesekku (right hand) {rF- rC+ rN+ Dex+2}
   (You bought it in a shop in the Dungeon)

   [ring of positive energy]

   It affects your dexterity (+2).
   It makes you vulnerable to fire.
   It protects you from cold.
   It protects you from negative energy.
 o - the ring "Fixer" (left hand) {-Tele rElec rC+ MR++ Int+3}
   (You bought it in a shop in the Dungeon)

   [ring of protection from cold]

   It affects your intelligence (+3).
   It protects you from cold.
   It insulates you from electricity.
   It affects your resistance to hostile enchantments.
   It prevents most forms of teleportation.
 p - the amulet of the Good (around neck) {Gourm +Fly rN+}
   (You bought it in a shop in the Dungeon)

   [amulet of the gourmand]

   It allows you to eat raw meat even when not hungry.
   It protects you from negative energy.
   It lets you fly.
 q - the ring of Gemaopp {MR+ MP+9}
   (You bought it in a shop in the Dungeon)

   [ring of magical power]

   It affects your resistance to hostile enchantments.
   It affects your magic capacity (+9).
Wands
 k - a wand of acid (4)
 l - a wand of iceblast (5)
Scrolls
 i - 4 scrolls of blinking
 m - 3 scrolls of fog
Potions
 e - 4 potions of heal wounds
 f - 4 potions of haste
 g - 2 potions of magic
 h - a potion of berserk rage
 j - a potion of resistance
Comestibles
 c - a ration


   Skills:
 + Level 7.8 Fighting
 + Level 7.7 Long Blades
 * Level 1.2 Throwing
 + Level 4.1 Armour
 + Level 4.0 Dodging


You had 3 spell levels left.
You didn't know any spells.

Dungeon Overview and Level Annotations

Branches:
Dungeon (1/1)

Altars:
Cheibriados
Dithmenos
Fedhas
Gozag
Kikubaaqudgha
Makhleb
Okawaru
Qazlal
Ru
Sif Muna
Trog
Uskayaw
Vehumet
Wu Jian
Xom
Yredelemnul
Zin
The Shining One
Beogh
Jiyva
Lugonu

Shops:
D *[%??*?*:[((!!!!

Annotations:
D Sigmund


Innate Abilities, Weirdness & Mutations

Shadows flee at your approach. (+LOS)
You can swim through water.
You cover ground slowly.
You can hop short distances.


Message History

Trog accepts your kill.
Your Throwing skill increases to level 1!
Your Dodging skill increases to level 4!
You feel sick.
You feel sick.
You feel a strong urge to attack something.
You feel sick.
You start resting.
You feel sick.
You feel your anger nearly subside.
You are no longer berserk.
You are exhausted.
You feel yourself slow down.
You feel sick.
You start resting.
You feel sick. x13
Sigmund the Dreaded comes into view.
He is wielding a scythe.
You feel better.
A worm and a giant cockroach come into view.
Sigmund shouts!
Sigmund hits you from afar with a scythe!
* * * LOW HITPOINT WARNING * * *
Sigmund hits you with a scythe!
You die...

#.............###.............
###∩........8.# #.8........∩##
##∩__.......###......___∩##
######.8.........8.######
#§...........⌠#
###.........### #_..s.....#
#_......._# #_....@.._#
#∩....@..∩# ##∩...w.∩##
##.....## ##⌠⌠§## #####


You could see Sigmund, a worm and a giant cockroach.

Vanquished Creatures
  An ogre (D)
  A worker ant (D)
2 creatures vanquished.

Notes
Turn   | Place    | Note
-------+----------+-------------------------------------------
     0 | D        | Psiloshibe the Barachi Berserker began the quest for the Orb.
     0 | D        | Reached XP level 1. HP: 18/18 MP: 1/1
     0 | D        | Found a burning altar of Makhleb.
     3 | D        | Found a glowing golden altar of the Shining One.
     3 | D        | Found a radiant altar of Vehumet.
     3 | D        | Found a basalt altar of Yredelemnul.
     4 | D        | Found an ornate altar of the Wu Jian Council.
     4 | D        | Found a glowing silver altar of Zin.
     5 | D        | Found Iwkirpheu's Identification Station.
     5 | D        | Found a stormy altar of Qazlal.
     5 | D        | Found Emici's Delicious Food.
     5 | D        | Found a corrupted altar of Lugonu.
     5 | D        | Round 1.
     6 | D        | Found Anylo's Advanced Armour.
     6 | D        | Found Atu Haep's Jewellery.
     6 | D        | Found a blossoming altar of Fedhas.
     6 | D        | Found a shimmering altar of Xom.
     6 | D        | Found an opulent altar of Gozag.
     8 | D        | Noticed an ogre
    15 | D        | Killed an ogre
    15 | D        | Reached XP level 2. HP: 31/31 MP: 2/2
    15 | D        | Reached XP level 3. HP: 36/36 MP: 3/3
    15 | D        | Reached XP level 4. HP: 43/43 MP: 4/4
    22 | D        | Found a sacrificial altar of Ru.
    30 | D        | Bought a shimmering bronze ring for 45 gold pieces
    30 | D        | Bought a scintillating steel amulet for 45 gold pieces
    30 | D        | Bought a scorched glass ring for 45 gold pieces
    30 | D        | Identified the ring "Fixer" {-Tele rElec rC+ MR++ Int+3} (You bought it in a shop in the Dungeon)
    31 | D        | Identified the amulet of the Good {Gourm +Fly rN+} (You bought it in a shop in the Dungeon)
    37 | D        | Identified the ring of Gemaopp {MR+ MP+9} (You bought it in a shop in the Dungeon)
    38 | D        | Bought a warped ivory ring for 45 gold pieces
    39 | D        | Identified the ring of Xasesekku {rF- rC+ rN+ Dex+2} (You bought it in a shop in the Dungeon)
    45 | D        | Found a roughly hewn altar of Beogh.
    45 | D        | Found a shadowy altar of Dithmenos.
    46 | D        | Found Alusud's Magic Scroll Shop.
    47 | D        | Found a snail-covered altar of Cheibriados.
    47 | D        | Found a bloodstained altar of Trog.
    47 | D        | Found Fietoufam's Staff Store.
    48 | D        | Found Kerizobb's Magic Scroll Shop.
    48 | D        | Found Yrisemm's Must-Have Magic.
    54 | D        | Found an ancient bone altar of Kikubaaqudgha.
    56 | D        | Found a deep blue altar of Sif Muna.
    57 | D        | Found Pomear's Distillery.
    58 | D        | Found Bofod's Distillery.
    58 | D        | Found Taocrubb's Bottled Wisdom.
    58 | D        | Found a hide-covered altar of Uskayaw.
    58 | D        | Found an iron altar of Okawaru.
    58 | D        | Found a viscous altar of Jiyva.
    58 | D        | Found Dich's Do-It-Yourself Clinic.
    65 | D        | Found Gani's Weapon Rack.
    66 | D        | Found Emerhen's Premium Goods.
    66 | D        | Found Heacsurph's Basic Armour.
    66 | D        | Found Tuokud's Miscellaneous Merchandise.
    84 | D        | Reached skill level 1 in Throwing
   107 | D        | Noticed Sigmund
   110 | D        | Slain by Sigmund

Skill      XL: |  1  2  3  4 |
---------------+-------------+-----
Fighting       | 7 |  7.8
Long Blades    | 7 |  7.7
Armour         | 4 |  4.1
Dodging        | 3 4 |  4.0
Throwing       | 1 |  1.2

Action                   |  1- 3 |  4- 6 || total
-------------------------+-------+-------++-------
Melee: Falchion          |     2 |    11 ||    13
Invok: Berserk           |     1 |     1 ||     2
Evoke: Wand              |     1 |       ||     1
  Use: Potion            |       |     1 ||     1
  Eat: Chunk             |       |     5 ||     5
Dodge: Dodged            |     1 |     7 ||     8
       Rpst.: Falchion   |     1 |     1 ||     2
